 Dungeon Crawl Stone Soup version 0.27.1-34-g3ba077fa99 (webtiles) character file.

Game seed: 4232948762291390806

2938 Delamore the Covert (level 9, -7/57 HPs)
             Began as an Octopode Brigand on Feb 8, 2022.
             Was an Initiate of Gozag.
             Mangled by a slime creature (20 damage)
             ... on level 7 of the Dungeon.
             The game lasted 00:11:13 (11973 turns).

Delamore the Covert (Octopode Brigand)             Turns: 11973, Time: 00:11:13

Health: -7/57      AC:  1    Str: 10    XL:     9   Next: 80%
Magic:  9/9        EV: 14    Int: 13    God:    Gozag
Gold:   61         SH:  5    Dex: 17    Spells: 8/8 levels left

rFire    . . .     SeeInvis .   a - +2 dagger (freeze)
rCold    + . .     Faith    .   i - +0 buckler
rNeg     . . .     Spirit   .   (helmet restricted)
rPois    .         Reflect  .   j - amulet of the acrobat
rElec    .         Harm     .   z - ring "Fulof" {rC+ rCorr Slay+2}
rCorr    +         Rampage  .   (no ring)
Will     .....                  (no ring)
Stlth    ++++++....             (no ring)
HPRegen  0.19/turn              (no ring)
MPRegen  0.11/turn              (no ring)
                                (no ring)
                                (no ring)

@: about to teleport
A: almost no armour, amphibious, 8 rings, camouflage 1, gelatinous body 1,
(nimble swimmer 1), tentacles
a: Renounce Religion, Potion Petition, Call Merchant, Bribe Branch


You were on level 7 of the Dungeon.
You worshipped Gozag.
Gozag was noncommittal.
You visited 2 branches of the dungeon, and saw 9 of its levels.

You collected 795 gold pieces.
You spent 593 gold pieces at shops.
You paid 141 gold pieces to Gozag.

Inventory:

Hand Weapons
 a - a +2 dagger of freezing (weapon)
Missiles
 b - 27 poisoned darts (quivered)
 c - a curare-tipped dart
 q - 5 javelins
 w - a throwing net
Armour
 i - a +0 buckler (worn)
Jewellery
 j - an amulet of the acrobat (around mantle)
 z - the ring "Fulof" (left tentacle) {rC+ rCorr Slay+2}
   (You bought it in a shop on level 4 of the Dungeon)

   [ring of resist corrosion]

   Slay:      It affects your accuracy & damage with ranged weapons and melee
   (+2).
   rC:        It protects you from cold.
   rCorr:     It protects you from acid and corrosion.
Wands
 v - a wand of flame (27)
 y - a wand of paralysis (12)
Scrolls
 e - 5 scrolls of noise
 h - a scroll of enchant weapon
 l - 2 scrolls of enchant armour
 m - a scroll of teleportation
 o - a scroll of blinking
 p - 2 scrolls of amnesia
 r - a scroll of fear
 s - a scroll of immolation
 u - a scroll of fog {unknown}
 x - a scroll of identify
Potions
 d - a potion of mutation {unknown}
 f - a potion of haste {unknown}
 g - a potion of lignification
 k - a potion of flight {unknown}
 n - a potion of might {unknown}
 t - a potion of brilliance {unknown}


   Skills:
 + Level 3.2 Fighting
 - Level 10.0 Short Blades
 + Level 3.2 Throwing
 + Level 2.6 Dodging
 - Level 10.0 Stealth
 - Level 4.0 Shields
 + Level 2.5 Evocations


You had 8 spell levels left.
You didn't know any spells.
Your spell library contained the following spells:

 Spells                   Type           Power      Damage    Failure   Level
 Call Canine Familiar     Summ           0%         N/A       67%         3
 Gell's Gravitas          Tloc           0%         N/A       67%         3
 Lesser Beckoning         Tloc           0%         N/A       67%         3
 Portal Projectile        Hex/Tloc       0%         N/A       67%         3
 Teleport Other           Tloc           0%         N/A       67%         3
 Leda's Liquefaction      Hex/Erth       0%         N/A       97%         4


Dungeon Overview and Level Annotations

Branches:
Dungeon (8/15)             Temple (1/1) D:5
   Lair: D:8-11

Altars:
Ashenzari
Cheibriados
Dithmenos
Elyvilon
Fedhas
Gozag
Hepliaklqana
Kikubaaqudgha
Makhleb
Nemelex Xobeh
Ru
Sif Muna
Trog
Uskayaw
Vehumet
Wu Jian
Xom
Yredelemnul
Zin
The Shining One

Shops:
D:4 =   D:5 =*   D:7 [:=*


Innate Abilities, Weirdness & Mutations

You cannot wear most types of armour.
You are amphibious.
You can wear up to eight rings at the same time.
Your skin changes colour to match your surroundings (Stealth+).
Your rubbery body absorbs attacks. (AC +1, EV +1)
((You are camouflaged near water. (Stealth+)))
You have tentacles for arms and can constrict up to eight enemies at once.


Message History

The slime creature is lightly wounded.
You hit the slime creature. You freeze the slime creature.
You squeeze the slime creature!
The slime creature is moderately wounded.
You block the slime creature's attack.
You hit the slime creature. You freeze the slime creature.
Your squeeze misses the slime creature.
The slime creature is heavily wounded.
You hit the slime creature but do no damage.
You squeeze the slime creature.
The slime creature is heavily wounded.
The slime creature hits you!!
You are too injured to fight recklessly!
You are too injured to fight recklessly!
You are too injured to fight recklessly!
You are too injured to fight recklessly!
You are too injured to fight recklessly!
You are too injured to fight recklessly!
You are too injured to fight recklessly!
You are too injured to fight recklessly!
You are too injured to fight recklessly!
You are too injured to fight recklessly!
You are too injured to fight recklessly!
You are too injured to fight recklessly!
You hit the slime creature. You freeze the slime creature.
The slime creature is heavily wounded.
You hit the slime creature. You freeze the slime creature.
The slime creature is heavily wounded.
The slime creature hits you!
* * * LOW HITPOINT WARNING * * *
Okay, then.
Press: ? - help, v - describe, . - travel
Here: a slime creature (heavily wounded)
The floor.
Okay, then.
Okay, then.
As you read the scroll of teleportation, it crumbles to dust.
You feel strangely unstable. The slime creature hits you!!
You die...
Your body crumbles into a pile of gold.

...####'###..#####....#..###..#
..........#####..#....######'##
#'#.....[.....#..#....'.......#
..+...........#..'....#.......#
..#...........#..#....#...##..#
..########....####....#...##..#
..##.....#....#..#....#...#...#
...'.....#....#..#(...+...###'#
..########....#.@#....#...##..#
..##.....#....#.J#....#.......#
...'.....#....#..#....#...##..#
..##.....#....#..#....#...##..#
####.....#....#..#....#....'..#
.........#....#..#....'....#..#
..#####+##....#..#....######..#
..##.....#....#.>#....#...##..#
....(....#....#..#....#...#...#


You could see a slime creature.

Vanquished Creatures
  Maggie (D:8)
  A slime creature (D:7)
  A water moccasin (D:3)
  2 sky beasts
  2 black bears
  4 necrophages
  4 ogres
  2 centaurs
  A phantom (D:5)
  2 scorpions
  A bullfrog (D:6)
  3 killer bees (D:7)
  3 wights (D:6)
  2 hounds
  A centaur zombie (D:5)
  A gnoll shaman (D:6)
  5 jellies
  2 orc priests
  Terence (D:3)
  An iguana (D:5)
  An orc wizard (D:3)
  2 killer bee zombies
  A hound zombie (D:5)
  A hound skeleton (D:4)
  9 gnolls
  4 adders
  A white imp (D:6)
  An ufetubus (D:6)
  An adder zombie (D:5)
  2 worms (D:5)
  11 orcs
  7 endoplasms
  4 giant cockroaches
  A hobgoblin (D:2)
  7 jackals
  4 kobolds
  6 quokkas
  3 ball pythons
  9 bats
  7 goblins
  7 rats
129 creatures vanquished.

Notes
Turn   | Place    | Note
-------+----------+-------------------------------------------
     0 | D:1      | Delamore the Octopode Brigand began the quest for the Orb.
     0 | D:1      | Reached XP level 1. HP: 14/14 MP: 1/1
   183 | D:1      | Reached XP level 2. HP: 19/19 MP: 2/2
   628 | D:1      | Reached XP level 3. HP: 24/24 MP: 3/3
   794 | D:1      | Found a faded altar of an unknown god.
  1774 | D:3      | Reached XP level 4. HP: 22/29 MP: 4/4
  2188 | D:2      | Reached skill level 1 in Shields
  2216 | D:3      | Reached XP level 5. HP: 34/34 MP: 5/5
  2264 | D:3      | Noticed a necrophage
  2396 | D:3      | Killed a necrophage
  2690 | D:3      | Reached XP level 6. HP: 39/39 MP: 6/6
  2719 | D:3      | Found an ancient bone altar of Kikubaaqudgha.
  3035 | D:3      | Noticed a water moccasin
  3047 | D:3      | Killed a water moccasin
  3623 | D:3      | Found a hide-covered altar of Uskayaw.
  3687 | D:3      | Found a bloodstained altar of Trog.
  3689 | D:3      | Found a shimmering blue altar of Sif Muna.
  3852 | D:3      | Found a radiant altar of Vehumet.
  3952 | D:3      | Noticed Terence
  3954 | D:3      | Killed Terence
  4533 | D:4      | Reached XP level 7. HP: 33/45 MP: 7/7
  4720 | D:4      | Found Yhoh's Jewellery Emporium.
  5048 | D:5      | Entered Level 5 of the Dungeon
  6021 | D:5      | Reached skill level 10 in Stealth
  6189 | D:5      | Found Vefibuv's Elemental Accessories.
  6208 | D:5      | Reached skill level 5 in Short Blades
  6208 | D:5      | Reached XP level 8. HP: 48/50 MP: 8/8
  7456 | D:5      | Found a staircase to the Ecumenical Temple.
  7469 | Temple   | Entered the Ecumenical Temple
  7573 | Temple   | Became a worshipper of Gozag Ym Sagoz the Greedy
  7646 | D:5      | Found Nokhon's Jewellery Shoppe.
  8797 | D:6      | Reached XP level 9. HP: 54/54 MP: 9/9
 10047 | D:7      | Found a shadowy altar of Dithmenos.
 10156 | D:7      | Found Gisipuog's Armour Shoppe.
 10158 | D:7      | Found Kiohulli's Book Shoppe.
 10159 | D:7      | Found Iregeut's General Store.
 10160 | D:7      | Found Jampont's Jewellery Shoppe.
 10296 | D:7      | Reached skill level 10 in Short Blades
 10663 | D:8      | Noticed Maggie
 10666 | D:8      | Killed Maggie
 10667 | D:8      | Reached skill level 1 in Evocations
 10805 | D:8      | HP: 2/55 [slime creature (18)]
 11557 | D:4      | Bought the ring "Fulof" {rC+ rCorr Slay+2} for 593 gold
                  | pieces
 11973 | D:7      | Mangled by a slime creature

Illustrated notes

Levels and vault maps discovered:
D:1:      psy_arrival_terrarium, layout_loops_ring,
          ebering_ecumenical_altar_mist
D:2:      layout_basic, kennysheep_generic_room_7
D:3:      layout_basic, nicolae_overflow_hidden_temple, uniq_terence
D:4:      layout_rooms, serial_shops, shop
D:5:      layout_gridville, minmay_temple_entry_mist, serial_shops,
          nicolae_shop_window_shopping, nicolae_elemental_shop
D:6:      layout_basic, item_on_display_a
D:7:      layout_gridville, kennysheep_mini_moat, minmay_shop_grid_forest
D:8:      layout_rooms, minivault_14, uniq_maggie, uniq_grum
Temple:   regret_index_temple_sphere_string

Skill      XL: |  1  2  3  4  5  6  7  8  9 |
---------------+----------------------------+-----
Stealth        | 6 7 8 9 10 | 10.0
Shields        | 1 2 4 |  4.0
Short Blades   | 3 4 5 8 10 | 10.0
Evocations     | 2 |  2.5
Dodging        | 2 |  2.6
Fighting       | 3 |  3.2
Throwing       | 3 |  3.2

Action                   |  1- 3 |  4- 6 |  7- 9 || total
-------------------------+-------+-------+-------++-------
Melee: Dagger            |    65 |    89 |   260 ||   414
       Constrict         |     9 |    17 |    29 ||    55
       Tentacles         |     8 |    13 |    58 ||    79
Throw: Dart              |       |    25 |    21 ||    46
  Use: Scroll            |     3 |     1 |     9 ||    13
       Potion            |       |     2 |     3 ||     5
 Stab: Sleeping          |    21 |     6 |    18 ||    45
       Distracted        |       |       |     1 ||     1
Armor: Skin              |     2 |     4 |     7 ||    13
Dodge: Dodged            |    23 |    57 |   131 ||   211
Block: Buckler           |     2 |    17 |    45 ||    64
